 Dungeon Crawl Stone Soup version 0.28.0 (webtiles) character file.

Game seed: 3787401116961948388

215 hikkokomori the Bolt Thrower (level 6, -8/46 (47) HPs)
             Began as a Formicid Hunter on Feb 10, 2022.
             Was a Believer of Kikubaaqudgha.
             Mangled by an ogre (14 damage)
             ... on level 4 of the Dungeon.
             The game lasted 00:08:59 (3705 turns).

hikkokomori the Bolt Thrower (Formicid Hunter)      Turns: 3705, Time: 00:08:59

HP:   -8/46 (47)    AC:  3    Str: 18    XL:     6   Next: 15%
MP:   6/6           EV: 13    Int: 11    God:    Kikubaaqudgha [**....]
Gold: 82            SH:  0    Dex: 17    Spells: 4/5 levels left

rFire   . . .      SeeInvis +   h - +0 short sword (elec)
rCold   . . .      Faith    .   (no shield)
rNeg    . . .      Spirit   .   c - +0 leather armour
rPois   .          Reflect  .   (helmet unavailable)
rElec   .          Harm     .   (no cloak)
rCorr   .          Rampage  .   (no gloves)
Will    .....                   (no boots)
Stlth   ++........              (no amulet)
HPRegen 0.15/turn               p - +6 ring of dexterity
MPRegen 0.10/turn               (no ring)

@: lightly drained
A: permanent stasis, dig shafts and tunnels, antennae 3, four strong arms
a: Dig, Shaft Self, Renounce Religion, Receive Corpses


You were on level 4 of the Dungeon.
You worshipped Kikubaaqudgha.
Kikubaaqudgha was pleased with you.
You visited 1 branch of the dungeon, and saw 4 of its levels.

You collected 82 gold pieces.

Inventory:

Hand Weapons
 a - a +1 hand crossbow
 b - a +0 short sword
 h - a +0 short sword of electrocution (weapon)
 s - a +0 morningstar
Missiles
 d - 47 bolts
 i - 92 stones (quivered)
Armour
 c - a +0 leather armour (worn)
Magical Staves
 g - a staff of poison
Jewellery
 p - a +6 ring of dexterity (left hand)
Wands
 t - a wand of acid (6)
Potions
 e - 3 potions of curing
 j - a potion of invisibility {unknown}
 l - a potion of resistance
 m - a potion of brilliance {unknown}
 n - a potion of haste
 o - a potion of ambrosia {unknown}


   Skills:
 + Level 3.5 Fighting
 + Level 4.8 Crossbows
 + Level 2.9 Dodging
 + Level 3.4 Stealth
 + Level 1.7 Necromancy


You had 4 spell levels left.
You knew the following spells:

 Your Spells              Type           Power      Damage    Failure   Level
a - Animate Skeleton      Necr           6%         N/A       22%         1

Your spell library contained the following spells:

 Spells                   Type           Power      Damage    Failure   Level
 Pain                     Necr           12%        1d4       22%         1
 Corpse Rot               Necr/Air       2%         N/A       41%         2
 Agony                    Necr           3%         N/A       99%         5


Dungeon Overview and Level Annotations

Branches:
Dungeon (4/15)
 Temple: D:4-7

Altars:
Kikubaaqudgha


Innate Abilities, Weirdness & Mutations

You cannot be hasted, slowed, berserked, paralysed or teleported.
You can dig through walls and to a lower floor.
You have a pair of large antennae on your head. (SInv)
Your four strong arms can wield two-handed weapons with a shield.


Message History

Your ball python dissolves into shadows!
There is an open door here.
Found a stone staircase leading up.
An ogre comes into view. It is wielding a +0 giant spiked club.
The ogre shouts!
The ogre barely misses you.
There is an open door here.
There is an open door here.
Casting: Animate Skeleton (safe; 22% risk of failure)
Confirm with . or Enter, or press ? or * to list all spells.
There is nothing nearby to animate!
Things that are here:
a +0 club; a +0 ring mail
There is an open door, spattered with blood here.
Casting: Animate Skeleton (safe; 22% risk of failure)
Confirm with . or Enter, or press ? or * to list all spells.
There is nothing nearby to animate!
Press: ? - help, v - describe, . - travel
Here: an ogre, wielding a +0 giant spiked club An open door, spattered with blood.
Okay, then.
Unknown command.
Okay, then.
You barely miss the ogre.
The ogre hits you with a +0 giant spiked club!!!
Ouch! That really hurt!
* * * LOW HITPOINT WARNING * * *
Unknown command.
You hit the ogre but do no damage. The ogre closely misses you.
Unknown command.
You barely miss the ogre. The ogre closely misses you.
Unknown command.
You hit the ogre. Lightning courses through the ogre!
The ogre is moderately wounded.
Unknown command.
You hit the ogre.
The ogre is heavily wounded.
The ogre hits you with a +0 giant spiked club!
You die...
Kikubaaqudgha rasps: "You have failed me!
Welcome... death!"

####### ***** #.)...######
*,,,* #.....#...#. *,,,*
#.....#...#. *,,,* #.....'...#.
********,,** ####.....#.###.
*,,,,,*#..#######....#####.####
*,,,,,*.......@O'.)..#.....#...
*,,,,,*.........#....#.....'...
*,,,,,*##########....##....##..
******,,,,,,.......<..#######..
*,,,,,,..........#........
*,,,,,...........#........
******,,,,,...........#.##....#
*,,,,******############,*####..
*,,,,* *,,,,,,,,,,,,,,,,* #..


You could see an ogre.

Vanquished Creatures
  Natasha (D:2)
  Robin (D:3)
  5 gnolls
  3 adders
  4 worms
  5 dart slugs
  An orc (D:4)
  5 ball pythons
  3 endoplasms
  2 giant cockroaches
  17 goblins
  4 hobgoblins
  6 jackals
  6 kobolds
  4 quokkas
  6 bats
  3 frilled lizards
  8 rats
84 creatures vanquished.

Notes
Turn   | Place    | Note
-------+----------+-------------------------------------------
     0 | D:1      | hikkokomori the Formicid Hunter began the quest for the
                  | Orb.
     0 | D:1      | Reached XP level 1. HP: 16/16 MP: 1/1
    56 | D:1      | Found a faded altar of an unknown god.
   169 | D:1      | Reached XP level 2. HP: 20/23 MP: 2/2
   448 | D:1      | HP: 1/23 [rat (1)]
   451 | D:1      | Reached XP level 3. HP: 1/28 MP: 3/3
  1452 | D:1      | Prayed at the altar of an unknown god.
  1452 | D:1      | Became a worshipper of Kikubaaqudgha
  1452 | D:1      | Reached * piety under Kikubaaqudgha
  1452 | D:1      | Received a gift from Kikubaaqudgha
  1455 | D:1      | Learned a level 1 spell: Animate Skeleton
  1574 | D:2      | Reached XP level 4. HP: 34/34 MP: 4/4
  1645 | D:2      | Noticed Natasha
  1650 | D:2      | Killed Natasha
  1993 | D:2      | Reached skill level 1 in Necromancy
  1993 | D:2      | Reached XP level 5. HP: 26/41 MP: 5/5
  2677 | D:3      | Reached ** piety under Kikubaaqudgha
  2822 | D:3      | Noticed Robin
  2843 | D:3      | Killed Robin
  3158 | D:3      | Reached XP level 6. HP: 36/43 MP: 6/6
  3679 | D:4      | Noticed an ogre
  3705 | D:4      | Mangled by an ogre

Illustrated notes

Levels and vault maps discovered:
D:1:      dpeg_arrival_round_c, layout_basic, shapermc_ecumenical_altar_gd
D:2:      layout_basic, uniq_natasha
D:3:      layout_basic, kennysheep_generic_room_6, uniq_robin
D:4:      layout_gridville, nicolae_gozag_seed_capital, st_stairs_12,
          uniq_edmund

Skill      XL: |  1  2  3  4  5 |
---------------+----------------+-----
Dodging        | 2 |  2.9
Stealth        | 2 3 |  3.4
Fighting       | 3 |  3.5
Necromancy     | 1 |  1.7
Crossbows      | |  4.8

Action                   |  1- 3 |  4- 6 || total
-------------------------+-------+-------++-------
Melee: Short sword       |    83 |   116 ||   199
       Punch             |       |     1 ||     1
 Fire: Hand crossbow     |     6 |    38 ||    44
 Cast: Animate Skeleton  |       |     4 ||     4
 Abil: Dig               |       |     2 ||     2
Evoke: Wand              |       |     1 ||     1
  Use: Scroll            |       |     7 ||     7
 Stab: Sleeping          |     5 |     1 ||     6
       Distracted        |       |     2 ||     2
Armor: Leather armour    |    22 |    28 ||    50
Dodge: Dodged            |    51 |    78 ||   129
